AoeStats
← Enlightened

African Clearing

510323438Analyzed
2v2 RM · 15h ago on Sep 30, 2026· 54m 15s· 4 players
Game mode
Random Map
Map size
Medium (4 player)
Population
200
Speed
Normal
Resources
Standard
Victory
Conquest
Starting age
Dark Age
Ending age
Imperial Age
RankedLock teamsTeams togetherTeam positionsShared explorationLock speedFull tech treeHidden civsTurbo modeCheats
Victory
Defeat
🇪🇸 Mongols · Spain
1289
+16
🇬🇧 Sicilians · United Kingdom
1272
+17
🇲🇽 Cumans · Mexico
1301
-17
🇲🇽 Varangians · Mexico
1289
-16
david.down
4:48 Loom
12:48 Feudal Age
13:39 Double-Bit Axe
24:15 Castle Age
23:27 Horse Collar
23:40 Gold Mining
23:57 Stone Mining
24:36 Scale Mail Armor
28:59 Wheelbarrow
29:53 Heavy Plow
30:07 Pikeman
32:56 Hand Cart
32:54 Bloodlines
33:23 Forging
34:10 Chain Mail Armor
34:52 Iron Casting
35:08 Fletching
39:27 Imperial Age
37:25 Masonry
39:39 Gold Shaft Mining
39:46 Bodkin Arrow
39:48 Murder Holes
40:17 Cavalier
40:24 Halberdier
41:50 Arrowslits
42:12 Scale Barding Armor
43:40 Chain Barding Armor
44:42 Blast Furnace
44:36 Husbandry
46:22 Plate Mail Armor
50:13 Bow Saw
52:16 Plate Barding Armor
51:42 Bracer
52:15 Conscription
52:13 Elite Serjeant
Enlightened
5:36 Loom
13:23 Feudal Age
16:19 Double-Bit Axe
17:00 Horse Collar
17:56 Stone Mining
20:17 Castle Age
27:51 Fletching
28:56 Gold Mining
30:26 Bloodlines
30:17 Husbandry
33:25 Wheelbarrow
33:18 Bodkin Arrow
33:23 Padded Archer Armor
34:20 Ballistics
34:10 Scale Barding Armor
35:35 Town Watch
39:49 Imperial Age
37:38 Hand Cart
37:24 Town Patrol
40:53 Conscription
40:58 Bow Saw
40:18 Elite Mangudai
41:59 Bracer
42:21 Leather Archer Armor
42:43 Gold Shaft Mining
44:05 Chain Barding Armor
43:09 Light Cavalry
43:30 Light Cavalry
44:22 Hussar
45:54 Forging
49:13 Heavy Camel Rider
53:43 Chemistry
53:12 Parthian Tactics
52:53 Thumb Ring
Lic. Juan Sin Miedo
4:53 Loom
13:41 Feudal Age
14:18 Double-Bit Axe
19:26 Castle Age
19:32 Stone Mining
25:55 Fletching
26:25 Elite Skirmisher
27:33 Bodkin Arrow
31:00 Padded Archer Armor
36:34 Leather Archer Armor
36:35 Bloodlines
43:37 Imperial Age
41:36 Forging
42:49 Scale Barding Armor
43:20 Iron Casting
43:13 Ballistics
43:43 Horse Collar
44:22 Bow Saw
44:41 Conscription
46:25 Chemistry
46:39 Bracer
48:17 Wheelbarrow
48:12 Chain Barding Armor
51:24 Scale Mail Armor
52:26 Blast Furnace
Arq. Barbaelegante
3:00 Loom
11:50 Feudal Age
12:24 Double-Bit Axe
14:58 Town Watch
15:07 Town Watch
17:21 Horse Collar
21:53 Wheelbarrow
21:45 Forging
23:18 Scale Barding Armor
24:49 Gold Mining
27:11 Castle Age
25:36 Bloodlines
27:25 Fletching
29:07 Hand Cart
29:30 Chain Barding Armor
30:58 Iron Casting
31:06 Bow Saw
32:31 Heavy Plow
33:31 Bodkin Arrow
40:28 Imperial Age
38:53 Gold Shaft Mining
41:50 Plate Barding Armor
40:36 Cavalier
42:46 Paladin
47:10 Light Cavalry
48:36 Hussar
Connection lost

Rejoining the realm…

Still unreachable

The connection could not be restored.

Session expired

The server has moved on; the page needs a fresh start.